 Dungeon Crawl Stone Soup version 0.26.0-20-g3ca415f5b8 (console) character file.

Game seed: 5363874413707863099

141088 jejorda2 the Executioner (level 17, -3/222 HPs)
             Began as a Hill Orc Berserker on Jan 25, 2021.
             Was a High Priest of Trog.
             Slain by a snapping turtle (7 damage)
             ... on level 4 of the Shoals.
             The game lasted 01:28:24 (36686 turns).

jejorda2 the Executioner (Hill Orc Berserker)      Turns: 36686, Time: 01:28:24

Health: -3/222     AC: 30    Str: 27    XL:     17   Next: 32%
Magic:  5/5        EV: 12    Int:  7    God:    Trog [*****.]
Gold:   2236       SH:  5    Dex: 10    Spells: 16/16 levels left

rFire    + . .     SeeInvis +   a - +4 executioner's axe (antimagic)
rCold    + . .     Faith    .   (shield currently unavailable)
rNeg     . . .     Spirit   .   F - +3 gold dragon scales
rPois    +         Reflect  +   C - +0 helmet
rElec    .         Harm     .   Q - scarf {shadows}
rCorr    .         Rampage  +   z - +2 pair of gloves
Will     +++..                  I - +1 pair of boots {rampage}
Stlth    ..........             w - amulet of reflection
HPRegen  1.47/turn              K - +4 ring of evasion
MPRegen  0.09/turn              N - ring "Ysmumar" {Slay+4 SInv}

@: berserking (expiring), lethally poisoned (-3 -> -4), regenerating, very quick
A: no striking features
a: Renounce Religion, Berserk, Trog's Hand, Brothers in Arms


You were on level 4 of the Shoals.
You worshipped Trog.
Trog was extremely pleased with you.
You visited 4 branches of the dungeon, and saw 27 of its levels.
You also visited: Volcano.

You collected 2701 gold pieces.
You spent 465 gold pieces at shops.

Inventory:

Hand Weapons
 a - a +4 antimagic executioner's axe (weapon)
 b - a +2 battleaxe of flaming
 D - a +3 executioner's axe
Missiles
 j - 13 silver javelins
 l - 9 throwing nets
 m - 103 poisoned darts (quivered)
 J - 18 silver boomerangs
 R - 7 curare-tipped darts
 S - 33 javelins
 Y - 10 boomerangs of dispersal
Armour
 z - a +2 pair of gloves (worn)
 C - a +0 helmet (worn)
 F - +3 gold dragon scales (worn)
 I - a +1 pair of boots of rampaging (worn)
 Q - a scarf of shadows (worn)
Jewellery
 w - an amulet of reflection (around neck)
 E - an uncursed ring of fire
 H - an uncursed ring of positive energy
 K - a +4 ring of evasion (left hand)
 N - the ring "Ysmumar" (right hand) {Slay+4 SInv}
   (You found it on level 4 of the Shoals)

   [ring of slaying]

   It affects your accuracy and damage with ranged weapons and melee attacks
   (+4).
   It lets you see invisible.
 P - an uncursed ring of protection from cold
Wands
 c - a wand of polymorph (23)
 h - a wand of enslavement (23)
 i - a wand of iceblast (18)
 n - a wand of flame (111)
 r - a wand of digging (5)
 s - a wand of disintegration (39)
 T - a wand of acid (7)
Scrolls
 o - 6 scrolls of teleportation
 p - 14 scrolls of identify
 t - 5 scrolls of fog
 y - 4 scrolls of remove curse
 G - 2 scrolls of magic mapping
 O - 2 scrolls of blinking
 U - a scroll of silence
 Z - 2 scrolls of fear
Potions
 d - 2 potions of attraction
 e - 5 potions of mutation
 g - 10 potions of curing
 k - 8 potions of ambrosia
 q - 5 potions of haste
 v - 7 potions of might
 x - 3 potions of resistance
 A - 2 potions of magic
 B - 3 potions of cancellation
 L - 3 potions of heal wounds
 V - a potion of invisibility
 X - a potion of flight
Miscellaneous
 f - a tin of tremorstones (2/2)
 u - a condenser vane
 M - a phial of floods
 W - a phantom mirror


   Skills:
 - Level 12.6 Fighting
 - Level 26.0 Axes
 - Level 3.7 Throwing
 - Level 14.0 Armour
 - Level 7.0 Dodging
 - Level 5.6 Shields
 + Level 7.2 Evocations


You had 16 spell levels left.
You didn't know any spells.
Your spell library was empty.

Dungeon Overview and Level Annotations

Branches:
Dungeon (15/15)            Temple (0/1) D:5            Lair (6/6) D:10
 Shoals (4/4) Lair:4       Spider (0/4) Lair:2        Slime (0/5) Lair:6
    Orc (2/2) D:12            Elf (0/3) Orc:2        Vaults (0/5) D:13
 Depths (0/5) D:15        Volcano (visited)

Altars:
Dithmenos
Elyvilon
Makhleb
Qazlal
Sif Muna
Uskayaw
Vehumet
Wu Jian
Yredelemnul
The Shining One

Shops:
D:7 (   D:12 [*   D:13 :   Orc:1 }   Orc:2 (?!(:   Shoals:1 =

Annotations:
D:5 1 runed translucent door, thiole's ghost, novice OpWz
D:11 3 runed translucent doors, wux's ghost, journeyman DsIE
D:15 3 runed translucent doors, iamoutofideas's ghost, journeyman DsVM
Orc:2 3 runed translucent doors, fiver49's ghost, adept MfEE


Message History

Items here: (( ) [ †.
Unknown command.
You slice the snapping turtle!!
The snapping turtle is moderately wounded.
You slice the merfolk javelineer!!
You feel sick.
The merfolk javelineer throws a javelin.
The javelin pierces through you but does no damage.
Unknown command.
Unknown command.
You hit the snapping turtle but do no damage.
The snapping turtle is moderately wounded.
You barely miss the merfolk javelineer.
The merfolk impaler hits you but does no damage.
The merfolk avatar chants a haunting song.
You resist with almost no effort. You block the merfolk impaler's attack.
The merfolk javelineer throws a silver javelin.
The silver javelin pierces through you!
* * * LOW HITPOINT WARNING * * *
x2 The snapping turtle bites you!
You die...

..≈≈≈≈≈≈≈≈≈ ≈≈≈≈≈≈≈≈≈≈≈≈≈≈≈≈
....≈≈≈≈≈≈≈≈≈....≈≈≈≈≈≈≈≈≈≈≈≈
###..≈≈≈≈≈≈≈......≈≈≈≈≈≈≈≈≈≈≈
# #.≈≈≈≈≈≈≈≈...^..≈≈(≈≈≈≈≈≈≈≈
###.≈≈≈≈≈≈≈≈.......≈≈≈≈≈≈≈≈≈≈
.#..≈≈≈≈≈≈≈≈.......m.≈≈≈≈≈≈≈≈
.......≈≈≈≈≈....##'##.≈≈≈≈≈≈≈
...<)....≈≈....##(m≈##.≈≈≈≈≈≈≈
...#.....≈≈....#@†m≈.#.≈≈≈≈≈≈≈
.####....≈(....#tmφm.#.≈≈≈≈≈≈≈
..# #..........#.....#.≈≈≈≈≈≈≈
..###..≈≈......##...##.≈≈P≈≈≈≈
.....≈≈≈).)))...######.)≈≈≈≈≈≈
≈≈...≈≈≈≈..........####†≈≈P≈≈≈
.....≈≈≈≈≈........=.....≈≈≈≈≈≈
.....≈≈≈≈≈≈.........≈..≈≈P≈≈≈≈
..)...≈..##+##.........≈≈≈≈P≈≈


You could see a merfolk avatar, 2 merfolk impalers, 2 merfolk javelineers and a
snapping turtle.

Vanquished Creatures
  A kraken (Shoals:2)
  4 dire elephants (Lair:6)
  3 merfolk javelineers (Shoals:4)
  An ettin (Orc:1)
  A fire dragon (D:13)
  3 merfolk impalers
  Fannar (D:11)
  Josephine (D:11)
  8 vault guards (D:13)
  2 boulder beetles
  4 hydras
  2 merfolk avatars (Shoals:1)
  An anaconda (Lair:6)
  Erica (D:11)
  2 satyrs
  3 centaur warriors
  An ogre mage (D:15)
  5 two-headed ogres
  2 catoblepae (D:13)
  A tengu warrior (D:12)
  2 orc high priests (Orc:2)
  Urug (Lair:5)
  2 merfolk aquamancers (Shoals:4)
  Sonja (Lair:5)
  An unseen horror (D:11)
  2 flayed ghosts (D:13)
  2 wizards
  9 sea snakes
  10 harpies
  Pikel (D:4)
  5 orc knights
  A wolf spider (Lair:2)
  5 cyclopes
  A deep elf mage (D:15)
  15 ugly things
  5 orc sorcerers
  8 fauns
  6 manticores
  4 black mambas
  12 merfolk sirens
  A guardian serpent (D:15)
  2 naga magi (D:15)
  8 water nymphs
  17 elephants
  A molten gargoyle (Volcano)
  2 gargoyles (Volcano)
  6 cane toads
  A torpor snail (Lair:6)
  Maggie (D:8)
  A yaktaur (Shoals:2)
  2 kobold demonologists (D:12)
  A rime drake (Lair:2)
  12 komodo dragons
  A tengu conjurer (D:12)
  24 merfolk
  8 trolls
  2 polar bears (Lair:3)
  11 wind drakes
  A hornet (D:8)
  21 blink frogs
  Grinder (D:6)
  4 slime creatures (D:12)
  12 snapping turtles
  4 dream sheep (Shoals:3)
  Sigmund (D:6)
  7 wraiths
  4 water elementals
  A vampire (D:12)
  5 wyverns
  A fire elemental (Volcano)
  55 yaks
  Grum (D:8)
  4 basilisks
  Menkaure (D:4)
  3 wargs (Orc:1)
  8 water moccasins
  2 acid dragons
  26 orc warriors
  A black bear (D:11)
  4 eyes of draining
  4 ice beasts
  6 sky beasts
  2 necrophages
  16 ogres
  A phantom (D:7)
  42 wolves
  13 centaurs
  A lemure (D:4)
  2 elf zombies (D:8)
  6 big kobolds (D:12)
  11 bullfrogs
  Blork the orc (D:5)
  5 gnoll sergeants (D:12)
  3 scorpions
  32 killer bees
  18 wights
  4 electric eels
  4 bullfrog zombies
  2 centaur zombies
  A quasit (D:10)
  2 centaur skeletons
  5 hounds
  9 jellies
  Crazy Yiuf (D:6)
  4 human zombies (D:8)
  16 orc priests
  20 orc wizards
  3 bullfrog skeletons
  2 human skeletons (D:8)
  An iguana (D:9)
  12 worker ants
  2 hound zombies
  2 mummies (D:8)
  2 worker ant zombies
  3 howler monkey skeletons
  A howler monkey zombie (D:7)
  2 gnolls (D:12)
  10 adders
  A white imp (D:10)
  3 ufetubi
  An ooze (D:3)
  An adder zombie (D:6)
  4 worms
  The ghost of Snicker the Sneak, a weakling DsDe (D:4)
  3 dart slugs
  3 leopard geckos
  66 orcs
  3 ball pythons
  8 giant cockroaches
  7 hobgoblins
  17 jackals
  4 quokkas
  18 bats
  3 goblins
  16 kobolds
  2 leopard gecko skeletons
  2 leopard gecko zombies (D:5)
  3 quokka skeletons
  10 rats
  A bush (Lair:6)
  A tentacle (Shoals:2)
857 creatures vanquished.

Vanquished Creatures (collateral kills)
  Jorgrun (Orc:1)
  Ilsuiw (Shoals:3)
  A merfolk impaler (Shoals:1)
  An orc high priest (Orc:2)
  3 harpies (Shoals:3)
  An orc knight (Orc:2)
  3 merfolk sirens (Shoals:3)
  4 merfolk
  A wind drake (Shoals:2)
  An orc (Orc:1)
  A tentacle (Shoals:2)
18 creatures vanquished.

Vanquished Creatures (others)
  A queen bee (Lair:1)
  A killer bee (D:8)
  A wight (D:8)
  A bush (Lair:6)
  53 fungi
  144 plants
  7 tentacles (Shoals:2)
208 creatures vanquished.

Grand Total: 1083 creatures vanquished

Notes
Turn   | Place    | Note
-------+----------+-------------------------------------------
     0 | D:1      | jejorda2 the Hill Orc Berserker began the quest for the
                  | Orb.
     0 | D:1      | Reached XP level 1. HP: 19/19 MP: 1/1
   299 | D:1      | Reached XP level 2. HP: 6/27 MP: 2/2
   829 | D:1      | Reached XP level 3. HP: 33/33 MP: 3/3
  1035 | D:2      | Reached skill level 5 in Axes
  1124 | D:2      | Reached ** piety under Trog
  1165 | D:2      | You fall into a shaft and drop 1 floor!
  1347 | D:2      | Found a white marble altar of Elyvilon.
  1381 | D:2      | Reached XP level 4. HP: 31/40 MP: 4/4
  1592 | D:2      | Found a burning altar of Makhleb.
  1619 | D:2      | Found a glowing golden altar of the Shining One.
  2095 | D:3      | Reached XP level 5. HP: 36/47 MP: 5/5
  2200 | D:3      | Reached skill level 6 in Axes
  2207 | D:3      | Reached *** piety under Trog
  2961 | D:4      | Noticed a lemure
  2965 | D:4      | Noticed Pikel
  2975 | D:4      | Noticed a lemure
  2978 | D:4      | Killed a lemure
  2985 | D:4      | Killed Pikel
  2986 | D:4      | Reached skill level 5 in Fighting
  2986 | D:4      | Reached skill level 8 in Axes
  2986 | D:4      | Reached XP level 6. HP: 43/57 MP: 6/6
  2986 | D:4      | Reached XP level 7. HP: 48/62 MP: 7/7
  3206 | D:4      | Noticed Menkaure
  3215 | D:4      | Killed Menkaure
  3216 | D:4      | Reached skill level 5 in Armour
  3448 | D:4      | Found a large runed translucent door.
  3449 | D:4      | Found a large runed translucent door.
  3454 | D:4      | Reached skill level 9 in Axes
  3454 | D:4      | Noticed Snicker's ghost (weakling DsDe)
  3468 | D:4      | Killed Snicker's ghost
  3548 | D:4      | Found a stormy altar of Qazlal.
  3548 | D:4      | Found a shimmering blue altar of Sif Muna.
  4016 | D:5      | Entered Level 5 of the Dungeon
  4028 | D:5      | Reached XP level 8. HP: 62/70 MP: 8/8
  4038 | D:5      | Noticed Blork the orc
  4049 | D:5      | Killed Blork the orc
  4238 | D:5      | Found a staircase to the Ecumenical Temple.
  4316 | D:5      | Reached skill level 10 in Axes
  5043 | D:5      | Reached skill level 11 in Axes
  5467 | D:5      | Found a runed translucent door.
  5470 | D:5      | Noticed thiole's ghost (novice OpWz)
  5551 | D:6      | Reached skill level 12 in Axes
  5651 | D:6      | Reached XP level 9. HP: 64/75 MP: 9/9
  5813 | D:6      | Reached skill level 1 in Evocations
  5999 | D:6      | Noticed Grinder
  6008 | D:6      | Killed Grinder
  6264 | D:6      | Noticed Sigmund
  6278 | D:6      | Killed Sigmund
  6279 | D:6      | Reached skill level 13 in Axes
  6335 | D:6      | Found a runed translucent door.
  6336 | D:6      | Noticed Crazy Yiuf
  6345 | D:6      | Killed Crazy Yiuf
  6500 | D:6      | Found the +18 shield of the Gong {rElec rN+ Will+ EV-5}
  6648 | D:6      | Found a hide-covered altar of Uskayaw.
  6914 | D:7      | Reached **** piety under Trog
  6915 | D:7      | Reached skill level 1 in Shields
  7317 | D:7      | Found Voaziojuri's Antique Weapon Shoppe.
  7751 | D:8      | Reached skill level 5 in Shields
  7751 | D:8      | Reached XP level 10. HP: 49/83 MP: 10/10
  7871 | D:8      | Reached skill level 14 in Axes
  8324 | D:8      | Noticed Maggie
  8340 | D:8      | Killed Maggie
  8450 | D:8      | Found a basalt altar of Yredelemnul.
  8568 | D:8      | Reached skill level 15 in Axes
  8808 | D:8      | Found an ornate altar of the Wu Jian Council.
  8849 | D:8      | Noticed Grum
  8886 | D:8      | Killed Grum
  9376 | D:8      | Noticed a cyan ugly thing
  9389 | D:8      | Killed a cyan ugly thing
  9389 | D:8      | Reached ***** piety under Trog
  9390 | D:8      | Reached skill level 16 in Axes
  9510 | D:8      | Found a shadowy altar of Dithmenos.
 10863 | D:10     | Entered Level 10 of the Dungeon
 10924 | D:10     | Reached XP level 11. HP: 57/89 MP: 11/11
 11239 | D:10     | Found a staircase to the Lair.
 11723 | Lair:1   | Entered Level 1 of the Lair of Beasts
 11846 | Lair:1   | Reached skill level 17 in Axes
 11897 | Lair:1   | Found a dark tunnel.
 11906 | Volcano  | Entered a volcano
 12755 | Lair:1   | Noticed a six-headed hydra
 12778 | Lair:1   | Killed a six-headed hydra
 12779 | Lair:1   | Reached XP level 12. HP: 64/103 MP: 12/12
 13487 | Lair:2   | Reached skill level 18 in Axes
 14037 | Lair:2   | Found a hole to the Spider Nest.
 14237 | Lair:3   | Noticed an eight-headed hydra
 14251 | Lair:3   | Killed an eight-headed hydra
 14470 | Lair:3   | Found a radiant altar of Vehumet.
 14585 | Lair:3   | Reached skill level 10 in Armour
 15234 | Lair:3   | Noticed a seven-headed hydra
 15246 | Lair:3   | Killed a seven-headed hydra
 15247 | Lair:3   | Reached skill level 19 in Axes
 15952 | Lair:4   | Reached skill level 20 in Axes
 16545 | Lair:4   | Reached XP level 13. HP: 82/111 MP: 13/13
 16837 | Lair:4   | Found a staircase to the Shoals.
 17576 | Lair:5   | Reached skill level 10 in Fighting
 17599 | Lair:5   | Noticed Sonja
 17658 | Lair:5   | Received a gift from Trog
 17660 | Lair:5   | Killed Sonja
 17969 | Lair:5   | Noticed Urug
 17984 | Lair:5   | Killed Urug
 18379 | Lair:6   | Entered Level 6 of the Lair of Beasts
 18440 | Lair:6   | Reached skill level 5 in Evocations
 19407 | Lair:6   | Reached XP level 14. HP: 122/124 MP: 14/14
 19791 | Lair:6   | Found a staircase to the Slime Pits.
 20381 | Lair:6   | Reached skill level 1 in Throwing
 20541 | Lair:6   | Noticed a dire elephant
 20541 | Lair:6   | Noticed a dire elephant
 20554 | Lair:6   | Killed a dire elephant
 20556 | Lair:6   | Killed a dire elephant
 20598 | Lair:6   | Noticed a dire elephant
 20613 | Lair:6   | Killed a dire elephant
 20819 | Lair:6   | Noticed a dire elephant
 20828 | Lair:6   | Killed a dire elephant
 20956 | D:11     | Noticed Fannar
 20979 | D:11     | Killed Fannar
 21095 | D:11     | Noticed Erica
 21134 | D:11     | Killed Erica
 21285 | D:11     | Noticed Josephine
 21296 | D:11     | Killed Josephine
 21513 | D:11     | Found a runed translucent gate.
 21513 | D:11     | Found a runed translucent gate.
 21513 | D:11     | Found a runed translucent gate.
 21515 | D:11     | Noticed wux's ghost (journeyman DsIE)
 22264 | D:12     | Found Loeraozu's Antique Armour Emporium.
 22388 | D:12     | Received a gift from Trog
 22493 | D:12     | Found a staircase to the Orcish Mines.
 23046 | D:12     | Found Ysaeppia's Blood Bar.
 23246 | Orc:1    | Entered Level 1 of the Orcish Mines
 23275 | Orc:1    | Reached skill level 21 in Axes
 23854 | Orc:1    | Noticed Jorgrun
 23862 | Orc:1    | Killed Jorgrun
 23863 | Orc:1    | Reached XP level 15. HP: 130/134 MP: 15/15
 24030 | Orc:1    | Found Acaefiub's Gadget Shoppe.
 24172 | Orc:2    | Entered Level 2 of the Orcish Mines
 24596 | Orc:2    | Found a staircase to the Elven Halls.
 24700 | Orc:2    | Noticed fiver49's ghost (adept MfEE)
 24704 | Orc:2    | Found a runed translucent gate.
 24704 | Orc:2    | Found a runed translucent gate.
 24704 | Orc:2    | Found a runed translucent gate.
 24710 | Orc:2    | Reached ****** piety under Trog
 24984 | Orc:2    | Found Ginwis's Book Shop.
 24991 | Orc:2    | Received a gift from Trog
 25162 | Orc:2    | Reached skill level 22 in Axes
 25657 | Orc:2    | Found Vaicaus's Weapon Emporium.
 25657 | Orc:2    | Found Vuroen's Antique Weapon Boutique.
 25659 | Orc:2    | Found Nossamn's Magic Scroll Boutique.
 25659 | Orc:2    | Found Wyitsewki's Distillery.
 25670 | Orc:2    | Bought a +2 battleaxe of flaming for 402 gold pieces
 26629 | D:13     | Found Esaxtikk's Book Boutique.
 26641 | D:13     | Reached skill level 23 in Axes
 26700 | D:13     | Found a gate to the Vaults.
 28026 | D:15     | Entered Level 15 of the Dungeon
 28165 | D:15     | Found a runed translucent gate.
 28166 | D:15     | Found a runed translucent gate.
 28176 | D:15     | Found a runed translucent gate.
 28177 | D:15     | Noticed iamoutofideas's ghost (journeyman DsVM)
 28343 | D:15     | Found the +1 cloak of Starlight {*Dazzle EV+4 Stlth--}
 28660 | D:15     | Found a staircase to the Depths.
 28665 | D:15     | Received a gift from Trog
 28666 | D:15     | Reached XP level 16. HP: 141/141 MP: 16/16
 29949 | Shoals:1 | Entered Level 1 of the Shoals
 30031 | Shoals:1 | Found Missuk's Jewellery Shop.
 30050 | Shoals:1 | Reached skill level 5 in Dodging
 30052 | Shoals:1 | Reached skill level 24 in Axes
 30128 | Shoals:1 | Bought a cursed ring of teleportation for 63 gold pieces
 32958 | Shoals:2 | Noticed a kraken
 32969 | Shoals:2 | Killed a kraken
 33141 | Shoals:3 | Received a gift from Trog
 34168 | Shoals:3 | Noticed Ilsuiw
 34180 | Shoals:3 | Reached skill level 25 in Axes
 34187 | Shoals:3 | Killed Ilsuiw
 35285 | Shoals:4 | Entered Level 4 of the Shoals
 35548 | Shoals:4 | Reached XP level 17. HP: 110/148 MP: 5/17
 35764 | Shoals:4 | Received a gift from Trog
 36596 | Shoals:4 | Identified the ring "Ysmumar" {Slay+4 SInv} (You found it
                  | on level 4 of the Shoals)
 36682 | Shoals:4 | Reached skill level 26 in Axes
 36686 | Shoals:4 | HP: 6/222 [merfolk javelineer/silver javelin (10)]
 36686 | Shoals:4 | Slain by a snapping turtle

Illustrated notes

Levels and vault maps discovered:
D:1:      dpeg_arrival_prison, layout_basic, serial_curves, eino_curves_01,
          eino_curves_01, minmay_tromino_v7
D:2:      layout_rooms, general_overflow_altar, overflow_temple_1_default,
          tso_altar, st_stairs_5
D:3:      layout_rooms, serial_co_window_serial, co_window_of_opportunity_a,
          co_window_of_opportunity_a, co_window_paths_a, co_window_paths_a,
          co_window_corner_a, co_window_broadway_b, co_window_unsneaky_path_b,
          co_window_corner_b, co_window_broadway_b, co_window_paths_c,
          co_window_broadway_b, co_window_unsneaky_path_c, glass_columns_a,
          glass_columns_b, glass_columns_c, hangedman_decor_clover_reticule,
          st_stairs_9
D:4:      layout_basic, minitemple, ebering_ghost_disaster_area, uniq_pikel,
          uniq_menkaure
D:5:      layout_cave_pods, temple_hall, serial_glass, glass_columns_b,
          glass_columns_b, ebering_ghost_inner_flame, uniq_blork_the_orc
D:6:      layout_cave_pools, lemuel_coloured_pillars_altar, serial_glass,
          glass_columns_a, glass_columns_b, glass_columns_c, glass_columns_a,
          glass_columns_a, glass_columns_c, uniq_crazy_yiuf_cottage,
          uniq_grinder, uniq_sigmund
D:7:      layout_basic, serial_shops, kennysheep_mini, minivault_4, minivault_14
D:8:      layout_loops_corners, pdpol_wu_jian_five_deadly_venoms,
          lemuel_mausoleum_altar_yredelemnul, nicolae_dithmenos_the_darkroom,
          st_stairs_7, uniq_grum, uniq_maggie
D:9:      layout_cross
D:10:     layout_basic, lair_entry_dummy
D:11:     cheibrodos_wizards_tower, layout_irregular_city,
          gammafunk_ghost_necromancy, kennysheep_generic_room_11, uniq_fannar,
          uniq_josephine, uniq_erica
D:12:     layout_basic, kennysheep_orc_monster_closet_entryway, serial_shops,
          shop, guppyfry_shop_blood
D:13:     minmay_glassy_protrusions, layout_rooms, erik_vaults_2, serial_shops,
          shop
D:14:     layout_basic, patterned_corridor, minmay_misc_feat_chi,
          minmay_misc_feat_doors
D:15:     grunt_enter_depths_magical_seal, layout_layer_cave,
          gammafunk_ghost_spectres, minmay_misc_feat_pillars,
          nrook_guardian_serpent_double
Lair:1:   layout_hall_layers, special_room [special_room_bee],
          nicolae_volcano_entry_lava_flow, beast_lair_carwin_7
Lair:2:   layout_long_grid, spider_nest_entry_rubble, infiniplex_staircase_pool
Lair:3:   layout_regular_city, basic_altar
Lair:4:   layout_gridlike, elwin_shoals_entry_rooms, st_stairs_7,
          grunt_forest_large_clearings, grunt_megastairs_2
Lair:5:   layout_loops_ring, uniq_sonja, uniq_urug
Lair:6:   due_jungle_book, layout_loops_ring, slime_dummy, grunt_megastairs_5
Shoals:1: layout_shoals, serial_shops, nicolae_shop_competitors_out_of_business
Shoals:2: layout_shoals, yaktaur_hedge
Shoals:3: layout_shoals, uniq_ilsuiw
Shoals:4: shoals_end_simple, layout_shoals
Orc:1:    layout_diamond_mine, serial_shops, shop, lightli_orcish_oven,
          uniq_jorgrun
Orc:2:    grunt_orc_tribal_feast, layout_diamond_mine, gammafunk_ghost_split,
          serial_shops, shop

Skill      XL: |  1  2  3  4  5  6  7  8  9 10 11 12 13 14 15 16 17 |
---------------+----------------------------------------------------+-----
Fighting       | 4 5 6 8 9 11 12 | 12.6
Axes           | 5 8 9 12 13 16 17 20 21 23 25 26 | 26.0
Armour         | 3 4 5 6 9 10 12 14 | 14.0
Evocations     | 2 3 6 7 |  7.2
Shields        | 5 |  5.6
Throwing       | 3 |  3.7
Dodging        | 4 7 |  7.0

Action                   |  1- 3 |  4- 6 |  7- 9 | 10-12 | 13-15 | 16-18 || total
-------------------------+-------+-------+-------+-------+-------+-------++-------
Melee: Hand axe          |   117 |   169 |       |       |       |       ||   286
       War axe           |       |       |   429 |    21 |       |       ||   450
       Battleaxe         |       |       |       |   869 |  1100 |     4 ||  1973
       Dire flail        |       |       |       |    17 |    11 |       ||    28
       Executioner's axe |       |       |       |       |       |   559 ||   559
Throw: Dart              |       |       |     3 |     8 |    15 |       ||    26
Invok: Berserk           |     2 |     2 |     3 |    10 |     7 |     3 ||    27
       Trog's Hand       |       |       |     4 |     7 |     5 |     5 ||    21
       Brothers in Arms  |       |       |       |     4 |     2 |     6 ||    12
Evoke: Wand              |       |       |     2 |     4 |     8 |     3 ||    17
       Phial of floods   |       |       |       |       |     1 |       ||     1
  Use: Scroll            |       |       |    22 |    14 |     5 |     3 ||    44
       Potion            |       |       |       |     3 |     2 |       ||     5
 Stab: Distracted        |       |       |       |       |     1 |       ||     1
Armor: Animal skin       |     3 |       |       |       |       |       ||     3
       Chain mail        |    57 |    75 |   168 |     1 |       |       ||   301
       Plate armour      |       |       |       |   100 |       |       ||   100
       Skin              |       |       |       |    43 |       |       ||    43
       Gold dragon scale |       |       |       |   516 |   570 |   393 ||  1479
Dodge: Dodged            |    51 |    58 |   120 |   278 |   439 |   339 ||  1285
Block: Kite shield       |       |       |    79 |    15 |       |       ||    94
       Other             |       |       |       |       |    23 |   123 ||   146
       Reflection        |       |       |       |       |     1 |    10 ||    11
